AoeStats
← Monismo

Black Forest

506202001Analyzed
4v4 RM · 18d ago on Sep 12, 2026· 40m 13s· 8 players
Game mode
Random Map
Map size
Large (8 player)
Population
200
Speed
Normal
Resources
Standard
Victory
Conquest
Starting age
Dark Age
Ending age
Imperial Age
RankedLock teamsTeams togetherTeam positionsShared explorationLock speedFull tech treeHidden civsTurbo modeCheats
Victory
Defeat
🇮🇹 Goths · Italy
1106
+15
🇺🇸 Khmer · United States
1073
+17
🇮🇱 Burgundians · Israel
1056
+17
🇹🇷 Koreans · Türkiye
1046
+18
🇦🇷 Persians · Argentina
1143
-19
🇦🇷 Bulgarians · Argentina
1099
-17
🇦🇷 Cumans · Argentina
1058
-16
🇮🇳 Burgundians · India
1040
-15
EvenEdge
12:56 Feudal Age
15:57 Castle Age
16:09 Double-Bit Axe
16:06 Horse Collar
27:14 Bow Saw
31:01 Imperial Age
29:26 Heavy Plow
31:09 Wheelbarrow
33:37 Bow Saw
33:23 Gold Mining
37:39 Husbandry
39:26 Siege Engineers
Mike
8:01 Loom
14:56 Feudal Age
27:23 Castle Age
MLT | Bombad Gastald
9:58 Feudal Age
10:16 Man-at-Arms
14:24 Fletching
15:59 Padded Archer Armor
17:12 Double-Bit Axe
18:11 Padded Archer Armor
18:21 Horse Collar
24:48 Castle Age
24:52 Long Swordsman
25:51 Bow Saw
30:36 Scale Mail Armor
30:47 Forging
33:07 Heavy Plow
34:35 Chain Mail Armor
35:04 Iron Casting
34:55 Squires
36:10 Pikeman
Cezalandırıcı
4:41 Loom
13:31 Feudal Age
17:49 Castle Age
16:02 Stone Mining
16:04 Double-Bit Axe
16:00 Horse Collar
21:10 Bow Saw
25:16 Fletching
26:29 Bodkin Arrow
28:49 Murder Holes
29:05 Masonry
31:21 Ballistics
31:10 Heavy Plow
36:32 Imperial Age
34:44 Wheelbarrow
35:39 Stone Shaft Mining
34:57 Gold Mining
34:50 Treadmill Crane
35:40 Hand Cart
38:30 Chemistry
37:36 Siege Engineers
37:34 Bracer
39:08 Two-Man Saw
38:59 Conscription
39:25 Town Watch
40:17 Architecture
Bickus Diggus
3:25 Loom
6:39 Double-Bit Axe
12:25 Wheelbarrow
14:09 Feudal Age
13:35 Horse Collar
20:03 Castle Age
20:16 Scale Barding Armor
20:14 Scale Mail Armor
22:56 Cavalier
26:13 Husbandry
27:10 Heavy Plow
27:36 Bow Saw
31:13 Hand Cart
33:04 Town Watch
33:38 Gold Mining
33:44 Stone Mining
37:33 Imperial Age
37:38 Gold Shaft Mining
38:24 Paladin
NACHO P
12:48 Feudal Age
16:14 Gold Mining
24:51 Fletching
31:22 Castle Age
31:41 Pikeman
32:22 Squires
32:42 Double-Bit Axe
agustinolivares7
1:55 Loom
11:42 Feudal Age
13:31 Scale Mail Armor
13:42 Forging
23:07 Horse Collar
23:17 Double-Bit Axe
27:00 Castle Age
26:39 Arson
30:49 Wheelbarrow
30:27 Gambesons
33:14 Hand Cart
41:43 Imperial Age
Monismo
1:00 Loom
31:19 Feudal Age
34:17 Wheelbarrow
39:13 Castle Age
Connection lost

Rejoining the realm…

Still unreachable

The connection could not be restored.

Session expired

The server has moved on; the page needs a fresh start.